 Dungeon Sprint DCSS version 0.21-a0-52-gbf49515 (webtiles) character file.

123 Kidiri the Ruffian (level 4, -9/50 HPs)
             Began as a Troll Monk on June 13, 2017.
             Was a Believer of Wu Jian.
             Collided with an unnaturally hard rock wall (15 damage)
             ... caused by a deep elf mage
             ... in the Dungeon (Sprint V: "Ziggurat Sprint").
             The game lasted 00:01:39 (191 turns).

Kidiri the Ruffian (Troll Monk)                      Turns: 191, Time: 00:01:40

Health: -9/50      AC: 21    Str: 25    XL:     4   Next: 80%
Magic:  3/3        EV:  4    Int:  6    God:    Wu Jian [**....]
Gold:   0          SH:  0    Dex: 19    Spells: 3/3 levels left

rFire    + . .     SeeInvis .     - Unarmed
rCold    + . .     Gourm    +   (no shield)
rNeg     . . .     Faith    .   H - +5 gold dragon scales
rPois    +         Spirit   .   (helmet restricted)
rElec    .         Reflect  .   (no cloak)
rCorr    .         Harm     .   (gloves unavailable)
MR       .....     NoTele   +   (boots unavailable)
Stlth    ..........             (no amulet)
Regen    0.6/turn               x - +6 ring of dexterity
MPRegen  0.1/turn               B - +6 ring of strength

@: no status effects
A: unfitting armour, claws 3, fast metabolism 3, gourmand, regeneration 1,
shaggy fur 1, tough skin 2
a: Renounce Religion


You were in the Dungeon.
You worshipped Wu Jian.
Wu Jian was pleased with you.
You were not hungry.

You visited 1 branch

Inventory:

Armour
 a - a +0 robe
 z - the +18 shield of the Gong {rElec rN+ MR+ EV-5}
   (You found it in the Dungeon)

   It affects your evasion (-5).
   It insulates you from electricity.
   It protects you from negative energy.
   It affects your resistance to hostile enchantments.
 H - +5 gold dragon scales (worn)
Jewellery
 x - a +6 ring of dexterity (left claw)
 y - a +6 ring of dexterity
 B - a +6 ring of strength (right claw)
 C - a +6 ring of strength
Wands
 D - a wand of disintegration (7/24)
 E - a wand of iceblast (5/15)
 F - a wand of lightning (5/15)
 G - a wand of acid (5/15)
Scrolls
 h - 4 scrolls of blinking
 o - 4 scrolls of amnesia
 p - 3 scrolls of recharging
 q - 7 scrolls of fog
 r - a scroll of holy word
 s - 5 scrolls of identify
 t - 5 scrolls of remove curse
 u - 2 scrolls of fear
Potions
 c - 9 potions of curing
 d - 9 potions of heal wounds
 e - 6 potions of haste
 f - 7 potions of magic
 g - 3 potions of berserk rage
 i - 2 potions of brilliance
 j - 2 potions of invisibility
 k - 4 potions of resistance
 m - 4 potions of agility
 n - 5 potions of might
Comestibles
 b - 6 bread rations
 v - 42 fruits
 w - 4 meat rations


   Skills:
 * Level 5.2 Fighting
 + Level 2.9 Armour
 * Level 5.2 Dodging
 - Level 1.0 Stealth
 + Level 2.0 Shields
 * Level 6.4 Unarmed Combat


You had 3 spell levels left.
You didn't know any spells.

Dungeon Overview and Level Annotations

Branches:
Dungeon (1/1)

Altars:
Ashenzari
Cheibriados
Dithmenos
Elyvilon
Fedhas
Gozag
Hepliaklqana
Kikubaaqudgha
Makhleb
Nemelex Xobeh
Okawaru
Qazlal
Ru
Sif Muna
Trog
Uskayaw
Vehumet
Wu Jian
Xom
Yredelemnul
Zin
The Shining One
Beogh
Jiyva
Lugonu

Annotations:
D 1 transporter


Innate Abilities, Weirdness & Mutations

You are too large for most types of armour.
You have claws for hands.
Your metabolism is lightning-fast.
You like to eat raw meat.
Your natural rate of healing is unusually fast.
You are covered in fur. (AC +1)
You have very tough skin. (AC +2)


Message History

The deep elf mage hits you but does no damage.
The fire elemental hits you. The fire elemental burns you! You resist.
* * * LOW HITPOINT WARNING * * *
Unknown command.
You feel much better.
The deep elf mage hits you but does no damage.
You are electrocuted!
The fire elemental hits you.
Unknown command.
You spin and attack the fire elemental.
You closely miss the fire elemental.
The fire elemental is almost destroyed.
The fire elemental barely misses you.
Unknown command.
The yak changes into a golden eye!
The fire elemental barely misses you.
The battlesphere is engulfed in blazing flames.
The deep elf mage casts a spell at you. The lance of force hits you!
* * * LOW HITPOINT WARNING * * *
You are knocked back by the lance of force.
You slam into the unnaturally hard rock wall!
You die...

▓▓▓▓▓▓▓▓▓▓▓▓▓
▓.8©8.▓.8©8.▓
▓.)=).▓.....▓
▓.....▓.}.:.▓
▓.*...▓.....▓
▓.§§.G▓.....▓
▓...Ee▓.....▓
▓....@▓▓▓▓▓▓▓
▓▓▓▓▓▓▓


You could see a deep elf mage, a fire elemental, a battlesphere and a golden eye
shaped shifter.

Vanquished Creatures
  A water moccasin (D)
  An adder (D)
2 creatures vanquished.

Notes
Turn   | Place    | Note
-------+----------+-------------------------------------------
     0 | D        | Kidiri the Troll Monk began the quest for the Orb.
     0 | D        | Reached XP level 1. HP: 22/22 MP: 0/0
     0 | D        | Found a deep blue altar of Sif Muna.
     0 | D        | Found a sacrificial altar of Ru.
     0 | D        | Found a bloodstained altar of Trog.
     0 | D        | Found a stormy altar of Qazlal.
     0 | D        | Found an iron altar of Okawaru.
     0 | D        | Found a sparkling altar of Nemelex Xobeh.
     0 | D        | Found a blossoming altar of Fedhas.
     2 | D        | Found a transporter.
     2 | D        | Found an ancient bone altar of Kikubaaqudgha.
     2 | D        | Found a viscous altar of Jiyva.
     2 | D        | Found a corrupted altar of Lugonu.
     2 | D        | Found a hazy altar of Hepliaklqana.
     2 | D        | Found a burning altar of Makhleb.
     2 | D        | Found an opulent altar of Gozag.
    69 | D        | Became a worshipper of the Wu Jian Council
    69 | D        | Reached * piety under Wu Jian
    69 | D        | Reached ** piety under Wu Jian
    71 | D        | Reached skill level 5 in Unarmed Combat
    71 | D        | Reached XP level 2. HP: 32/32 MP: 1/1
    86 | D        | Entered arena 2.
    86 | D        | Noticed a water moccasin
    86 | D        | Found a transporter.
   100 | D        | Killed a water moccasin
   100 | D        | Reached skill level 5 in Fighting
   100 | D        | Reached skill level 5 in Dodging
   100 | D        | Reached skill level 6 in Unarmed Combat
   100 | D        | Reached XP level 3. HP: 15/42 MP: 2/2
   100 | D        | Reached XP level 4. HP: 18/50 MP: 3/3
   180 | D        | Entered arena 3.
   180 | D        | Noticed an orb spider
   180 | D        | Noticed a fire elemental
   180 | D        | Noticed a deep elf mage
   180 | D        | Found a transporter.
   185 | D        | Noticed a yak
   185 | D        | an orb spider changed into a yak
   191 | D        | Noticed a golden eye
   191 | D        | a yak changed into a golden eye
   191 | D        | Collided with an unnaturally hard rock wall

Vault maps used:
D:        sprint_v

Skill      XL: |  1  2 |
---------------+-------+-----
Fighting       | 4 5 |  5.2
Armour         | 2 |  2.9
Dodging        | 4 5 |  5.2
Unarmed Combat | 5 6 |  6.4
Shields        | 2 |  2.0
Stealth        | |  1.0

Action                   |  1- 3 |  4- 6 || total
-------------------------+-------+-------++-------
Melee: Unarmed           |    13 |    10 ||    23
  Use: Potion            |     3 |     1 ||     4
Armor: Robe              |     2 |       ||     2
       Gold dragon scale |       |     9 ||     9
Dodge: Dodged            |     7 |     2 ||     9
